 Dungeon Crawl Stone Soup version 0.29.0-4-gdea44cf6ec (webtiles) character file.

Game seed: 4368952909306191886

14 qw the Chopper (level 2, -1/17 HPs)
             Began as a Tengu Warper on Aug 28, 2022.
             Slain by a giant cockroach (2 damage)
             ... on level 1 of the Dungeon.
             The game lasted 00:00:02 (439 turns).

qw the Chopper (Tengu Warper)                        Turns: 439, Time: 00:00:03

Health: -1/17      AC:  3    Str: 11    XL:     2   Next: 41%
Magic:  6/6        EV: 11    Int: 13    God:
Gold:   36         SH:  0    Dex: 13    Spells: 5/5 levels left

rFire   . . .      SeeInvis .   a - +0 hand axe
rCold   . . .      Faith    .   (no shield)
rNeg    . . .      Spirit   .   b - +0 leather armour
rPois   .          Reflect  .   (helmet restricted)
rElec   .          Harm     .   (no cloak)
rCorr   .          Rampage  .   (no gloves)
Will    .....                   (boots unavailable)
Stlth   +.........              (no amulet)
HPRegen 0.05/turn               (no ring)
MPRegen 0.10/turn               (no ring)

@: no status effects
A: beak, talons 3
a: no special abilities


You were on level 1 of the Dungeon.
You visited 1 branch of the dungeon, and saw 1 of its levels.

You collected 36 gold pieces.


Innate Abilities, Weirdness & Mutations

You have a beak for a mouth.
You have claws for feet.


   Skills:
 - Level 2.0 Fighting
 + Level 3.3 Axes
 - Level 1.0 Throwing
 - Level 1.1 Armour
 - Level 2.1 Dodging
 - Level 2.0 Spellcasting
 - Level 2.4 Translocations


You had 5 spell levels left.
You didn't know any spells.
Your spell library contained the following spells:

 Spells                   Type           Power      Damage    Failure   Level
 Blink                    Tloc           14%        N/A       19%         2
 Gell's Gravitas          Tloc           7%         N/A       36%         3
 Lesser Beckoning         Tloc           7%         N/A       36%         3
 Teleport Other           Tloc           7%         N/A       36%         3
 Manifold Assault         Tloc           7%         N/A       98%         5

Inventory:

Hand Weapons
 a - a +0 hand axe (weapon)
 h - a +0 mace
Armour
 b - a +0 leather armour (worn)
 j - +0 fire dragon scales
Jewellery
 e - an amulet of guardian spirit
Scrolls
 c - a scroll of blinking
 i - a scroll of vulnerability {unknown}
 k - a scroll of magic mapping {unknown}
Potions
 f - a potion of heal wounds {unknown}
 g - 4 potions of curing {unknown}

Dungeon Overview and Level Annotations

Branches:
Dungeon (1/15)

Altars:


Message History

You closely miss the jackal.
The jackal bites you but does no damage.
The quokka bites you but does no damage.
The jackal bites you but does no damage.
The quokka barely misses you.
You hit the quokka but do no damage.
The quokka is almost dead.
You hit the jackal.
You kill the jackal!
The quokka misses you. The giant cockroach barely misses you.
You closely miss the quokka. You peck the quokka.
You kill the quokka!
You hit the jackal. You barely miss the giant cockroach. The jackal bites you.
The giant cockroach completely misses you.
You hit the jackal. You claw the jackal.
You kill the jackal!
You hit the jackal but do no damage.
You hit the giant cockroach but do no damage.
You barely miss the jackal. The jackal closely misses you.
The giant cockroach bites you. The jackal misses you.
You hit the jackal. Your peck misses the jackal.
The jackal is severely wounded.
You hit the giant cockroach. You closely miss the jackal.
The jackal barely misses you. The jackal closely misses you.
The giant cockroach barely misses you.
The jackal bites you but does no damage.
The giant cockroach barely misses you. The jackal closely misses you.
You barely miss the jackal. Your peck misses the jackal.
The jackal is severely wounded.
You hit the giant cockroach. You hit the jackal. The jackal barely misses you.
The jackal misses you. The giant cockroach barely misses you.
You hit the jackal.
The jackal is almost dead.
You barely miss the giant cockroach. You barely miss the jackal.
The jackal bites you but does no damage.
The jackal bites you. The giant cockroach bites you.
You die...

......#..#..........#
......##........#....
......#......#.##.#...
............##..#.##..
............# #...##
............###....#
...............#.#
#............#.#%##
##.........#.#..@B#
###...#....#.###hhg.....
# #######..#.# #.###....
# #.##.# #.# ... #
#.##.. #.# . # ..#...
... ..## .. .## .# . .#


You could see 2 jackals, a giant cockroach and a hobgoblin.

Vanquished Creatures
  An endoplasm (D:1)
  A giant cockroach (D:1)
  A hobgoblin (D:1)
  2 jackals (D:1)
  A quokka (D:1)
  2 ball pythons (D:1)
  A bat (D:1)
  A frilled lizard (D:1)
  2 goblins (D:1)
  A kobold (D:1)
13 creatures vanquished.

Notes
Turn   | Place    | Note
-------+----------+-------------------------------------------
     0 | D:1      | qw the Tengu Warper began the quest for the Orb.
     0 | D:1      | Reached XP level 1. HP: 12/12 MP: 4/4
     0 | D:1      | 0 ||| qw: Version: 0.1-a-89-g26bdef1
     0 | D:1      | 0 ||| qw: Game counter: 1850
     0 | D:1      | 0 ||| qw: Always use a shield: true
     0 | D:1      | 0 ||| qw: God list: Okawaru
     0 | D:1      | 0 ||| qw: Allow faded altars: false
     0 | D:1      | 0 ||| qw: Do Orc after D:15 true
     0 | D:1      | 0 ||| qw: Do second Lair branch before Depths: true
     0 | D:1      | 0 ||| qw: Lair rune preference: random
     0 | D:1      | 0 ||| qw: Plans: Normal
     0 | D:1      | 0 ||| PLANNING D:1-11
   222 | D:1      | 222 ||| Stepping ~*~*~tactically~*~*~ (stealth).
   241 | D:1      | Reached XP level 2. HP: 13/17 MP: 6/6
   346 | D:1      | Reached skill level 3 in Axes
   435 | D:1      | HP: 4/17 [jackal (3)]
   439 | D:1      | HP: 1/17 [jackal (2)]
   439 | D:1      | Slain by a giant cockroach

Levels and vault maps discovered:
D:1:      elethiomel_arrival_infinity_welcomes_careful_drivers, layout_rooms,
          chequers_serial_rivers_large_b

Skill      XL: |  1  2 |
---------------+-------+-----
Axes           | 3 |  3.3
Fighting       | |  2.0
Throwing       | |  1.0
Armour         | |  1.1
Dodging        | |  2.1
Spellcasting   | |  2.0
Translocations | |  2.4

Action                   || total
-------------------------++-------
Melee: Hand axe          ||    27
       Kick              ||     7
       Peck              ||     2
Throw: Boomerang         ||     7
Armor: Leather armour    ||    13
Dodge: Dodged            ||    27

Table legend:
 A = Non-vault XP
 B = Vault XP
 C = Vault XP percentage of total XP
 D = Non-vault monster count
 E = Vault monster count
 F = Vault count percentage of total count
                 A         B        C        D         E       F
            +---------+---------+-------+---------+---------+-------
      Total |      20 |       0 |   0.0 |      13 |       0 |   0.0
            +---------+---------+-------+---------+---------+-------
        D:1 |      20 |       0 |   0.0 |      13 |       0 |   0.0
            +---------+---------+-------+---------+---------+-------
